 Dungeon Sprint DCSS version 0.27.1-2-g3b301248ec (webtiles) character file.

Game seed: 12626878000438247290

254 boopmooplesden the Cruncher (level 5, -2/50 HPs)
             Began as a Minotaur Gladiator on Sept 22, 2021.
             Slain by a necrophage (7 damage)
             ... in the Dungeon (Sprint II: "The Violet Keep of Menkaure").
             The game lasted 00:00:20 (30 turns).

boopmooplesden the Cruncher (Minotaur Gladiator)      Turns: 30, Time: 00:00:21

Health: -2/50      AC:  3    Str: 19    XL:     5   Next: 91%
Magic:  4/4        EV: 15    Int:  5    God:
Gold:   0          SH:  0    Dex: 12    Spells: 4/4 levels left

rFire    . . .     SeeInvis .   a - +0 quarterstaff
rCold    . . .     Faith    .   (shield currently unavailable)
rNeg     . . .     Spirit   .   b - +0 leather armour
rPois    .         Reflect  .   c - +0 hat
rElec    .         Harm     .   (no cloak)
rCorr    .         Rampage  .   (no gloves)
Will     .....     NoTele   +   (no boots)
Stlth    +.........             (no amulet)
HPRegen  0.16/turn              (no ring)
MPRegen  0.09/turn              (no ring)

@: no status effects
A: horns 2, retaliatory headbutt
a: no special abilities


You were in the Dungeon.
You visited 1 branch

Inventory:

Hand Weapons
 a - a +0 quarterstaff (weapon)
Armour
 b - a +0 leather armour (worn)
 c - a +0 hat (worn)
Scrolls
 j - a scroll of blinking
Potions
 e - a potion of curing
 f - a potion of heal wounds
 g - a potion of haste
 h - 2 potions of magic
 i - a potion of berserk rage


   Skills:
 + Level 5.8 Fighting
 + Level 9.9 Staves
 + Level 4.2 Throwing
 + Level 1.1 Armour
 + Level 8.6 Dodging
 + Level 0.5 Stealth


You had 4 spell levels left.
You didn't know any spells.
Your spell library was empty.

Dungeon Overview and Level Annotations

Branches:
Dungeon (1/1)

Altars:


Innate Abilities, Weirdness & Mutations

You have a pair of horns on your head.
You reflexively headbutt those who attack you in melee.


Message History

You hit the necrophage but do no damage.
You headbutt the necrophage, but do no damage.
The necrophage is heavily damaged.
The necrophage struggles against the net.
You hit the necrophage. You headbutt the necrophage.
The necrophage is severely damaged.
The necrophage struggles against the net.
You hit the necrophage. You headbutt the necrophage.
You destroy the necrophage!
Your life force feels restored.
Your Staves skill increases to level 9!
Your Throwing skill increases to level 4!
Your Armour skill increases to level 1!
Your Dodging skill increases to level 8!
Throw: throwing net
Press: ? - help, Q - select action Shift-Dir - straight line, f - necrophage
Aim: a necrophage (62% to hit)
You throw a throwing net. The throwing net hits the necrophage.
The necrophage is caught in the net!
The necrophage struggles against the net.
The necrophage struggles against the net.
There is an open door here.
Things that are here:
a throwing net; a necrophage corpse; a necrophage corpse You hit the necrophage.
The necrophage is lightly damaged.
The necrophage struggles against the net.
You hit the necrophage.
The necrophage is lightly damaged.
The necrophage struggles against the net.
You hit the necrophage but do no damage.
The necrophage is lightly damaged.
You hit the necrophage but do no damage.
The necrophage is lightly damaged.
The necrophage struggles against the net.
The net rips apart, and the necrophage comes free!
You hit the necrophage.
The necrophage is moderately damaged.
The necrophage hits you!
You die...

## ##
##. .##
#..#..#
#.n.#
#@#
##.##
+.<.+
##.##
#+#


You could see a necrophage.

Vanquished Creatures
  3 necrophages (D)
3 creatures vanquished.

Notes
Turn   | Place    | Note
-------+----------+-------------------------------------------
     0 | D        | boopmooplesden the Minotaur Gladiator began the quest for
                  | the Orb.
     0 | D        | Reached XP level 1. HP: 18/18 MP: 0/0
     1 | D        | Noticed a necrophage
     1 | D        | Noticed a necrophage
     1 | D        | Noticed a necrophage
     1 | D        | Noticed a necrophage
    10 | D        | Killed a necrophage
    11 | D        | Reached skill level 7 in Staves
    11 | D        | Reached XP level 2. HP: 13/27 MP: 1/1
    11 | D        | Reached XP level 3. HP: 15/33 MP: 2/2
    11 | D        | Reached XP level 4. HP: 19/40 MP: 3/3
    13 | D        | Killed a necrophage
    14 | D        | Reached skill level 5 in Fighting
    14 | D        | Reached skill level 8 in Staves
    14 | D        | Reached XP level 5. HP: 23/48 MP: 4/4
    23 | D        | Killed a necrophage
    24 | D        | Reached skill level 9 in Staves
    24 | D        | Reached skill level 1 in Armour
    30 | D        | Slain by a necrophage

Illustrated notes

Levels and vault maps discovered:
D:        the_violet_keep_of_menkaure [sprint2_stairs_cluster_1,
          sprint2_shoproom, sprint2_temple, sprint2_basic_supplies,
          sprint2_obstacle_4, sprint2_obstacle_1, sprint2_obstacle_7,
          sprint2_obstacle_2, sprint2_obstacle_3, sprint2_timed_cluster_1,
          sprint2_smallroom_cluster_1, sprint2_smallroom_final_cluster_1,
          sprint2_transparent_cluster_1, sprint2_second_timed_cluster_1,
          sprint2_sniper_area_1, sprint2_heavy_combat_area_1,
          sprint2_mutation_trap_area_1, sprint2_forest_area_1,
          sprint2_light_combat_area_1, sprint2_behind_water_1,
          sprint2_near_end_vault_1]

Skill      XL: |  1  2  3  4  5 |
---------------+----------------+-----
Fighting       | 4 5 |  5.8
Staves         | 7 8 9 |  9.9
Throwing       | 3 4 |  4.2
Dodging        | 6 7 8 |  8.6
Armour         | 1 |  1.1
Stealth        | |  0.5

Action                   |  1- 3 |  4- 6 || total
-------------------------+-------+-------++-------
Melee: Quarterstaff      |     6 |    17 ||    23
       Headbutt          |     2 |     4 ||     6
Throw: Throwing net      |     1 |     2 ||     3
 Stab: Held in net/web   |       |     1 ||     1
Armor: Leather armour    |       |     1 ||     1
Dodge: Dodged            |     1 |     1 ||     2
